 Dungeon Crawl Stone Soup version 0.24.0-1-gfbc8707122 (webtiles) character file.

Game seed: 7259442046660781714, levelgen mode: deterministic

136 Arum the Shield-Bearer (level 5, -2/43 HPs)
             Began as a Formicid Fighter on Oct 27, 2019.
             Slain by a hellwing (7 damage)
             ... on level 2 of the Abyss.
             The game lasted 00:04:38 (2921 turns).

Arum the Shield-Bearer (Formicid Fighter)           Turns: 2921, Time: 00:04:38

Health: -2/43      AC:  9    Str: 27    XL:     5   Next: 43%
Magic:  5/5        EV:  8    Int:  7    God:
Gold:   175        SH: 10    Dex: 10    Spells: 4/4 levels left

rFire    . . .     SeeInvis +   a - +0 flail
rCold    . . .     Gourm    .   c - +0 shield
rNeg     . . .     Faith    .   b - +0 scale mail
rPois    .         Spirit   .   (helmet unavailable)
rElec    .         Reflect  .   (no cloak)
rCorr    .         Harm     .   l - +2 pair of gloves
MR       .....                  (no boots)
Stlth    ..........             (no amulet)
HPRegen  0.14/turn              (no ring)
MPRegen  0.09/turn              (no ring)

@: mighty, lightly drained
A: permanent stasis, dig shafts and tunnels, four strong arms, antennae 3
a: Dig, Shaft Self


You were on level 2 of the Abyss.
You were not hungry.

You visited 1 branch of the dungeon, and saw 3 of its levels.
You visited the Abyss 1 time.

You collected 175 gold pieces.

Inventory:

Hand Weapons
 a - a +0 flail (weapon)
Armour
 b - a +0 scale mail (worn)
 c - a +0 shield (worn)
 l - a +2 pair of gloves (worn)
Scrolls
 e - 5 scrolls of remove curse {unknown}
 g - 5 scrolls of identify {unknown}
 i - 2 scrolls of teleportation {unknown}
 k - a scroll of amnesia {unknown}
 n - a scroll of blinking {unknown}
 p - a scroll of fog {unknown}
Potions
 d - a potion of might
 h - a potion of curing
 m - a potion of magic
Comestibles
 f - 6 rations


   Skills:
 + Level 4.4(4.3) Fighting
 + Level 3.3(3.2) Maces & Flails
 - Level 3.2(3.1) Armour
 + Level 5.0(4.8) Shields


You had 4 spell levels left.
You didn't know any spells.
Your spell library contained the following spells:

 Spells                   Type           Power        Failure   Level  Hunger
 Animate Skeleton         Necr           N/A          94%         1    ##.....
 Apportation              Tloc           #.....       94%         1    ##.....
 Confusing Touch          Hex            #.....       94%         1    ##.....
 Summon Small Mammal      Summ           #...         94%         1    ##.....


Dungeon Overview and Level Annotations

Branches:
Dungeon (3/15)

Altars:

Annotations:
D:3 Crazy Yiuf


Innate Abilities, Weirdness & Mutations

You cannot be hasted, slowed, berserked, paralysed or teleported.
You can dig through walls and to a lower floor.
Your four strong arms can wield two-handed weapons with a shield.
You have a pair of large antennae on your head. (SInv)


Message History

The hellwing is severely wounded.
You hear a bark!
The hellwing hits you.
* * * LOW HITPOINT WARNING * * *
You block the hellwing's attack.
You barely miss the hellwing.
The hellwing is severely wounded.
The hellwing hits you.
* * * LOW HITPOINT WARNING * * *
The hellwing hits you.
* * * LOW HITPOINT WARNING * * *
You barely miss the hellwing.
The hellwing is severely wounded.
The hellwing hits you but does no damage. x2
You block the hellwing's attack. The hellwing closely misses you.
You hit the hellwing but do no damage.
The hellwing is severely wounded.
You hear a bark!
The hellwing closely misses you. The hellwing hits you!
You die... #.# .# ... #5# ##h### # hpG$#

##
##4# #
##@##
##..##
###.#
.. #
#... .
... .
{ . #
#


You could see a great orb of eyes, a hellwing, a necromancer (invisible), a hell
hound and an iron imp.

Vanquished Creatures
  An iron imp (Abyss:2)
  3 adders
  2 worms (D:2)
  A dart slug (D:1)
  2 leopard geckos
  A ball python (D:2)
  5 giant cockroaches
  8 goblins
  8 hobgoblins
  6 jackals (D:1)
  A quokka (D:3)
  8 bats
  9 frilled lizards
  7 kobolds
  11 rats
73 creatures vanquished.

Notes
Turn   | Place    | Note
-------+----------+-------------------------------------------
     0 | D:1      | Arum the Formicid Fighter began the quest for the Orb.
     0 | D:1      | Reached XP level 1. HP: 18/18 MP: 1/1
   129 | D:1      | Reached XP level 2. HP: 24/24 MP: 2/2
   183 | D:1      | Reached skill level 4 in Shields
   345 | D:1      | Reached XP level 3. HP: 30/30 MP: 3/3
  1229 | D:2      | Reached XP level 4. HP: 27/37 MP: 4/4
  2234 | D:3      | Reached XP level 5. HP: 42/42 MP: 5/5
  2421 | D:3      | Found a runed translucent door.
  2422 | D:3      | Noticed Crazy Yiuf
  2431 | D:3      | Cast into level 2 of the Abyss (Crazy Yiuf)
  2621 | Abyss:2  | Reached skill level 5 in Shields
  2881 | Abyss:2  | Noticed a hell hound
  2881 | Abyss:2  | Noticed a hellwing
  2881 | Abyss:2  | Noticed a necromancer
  2883 | Abyss:2  | Noticed a great orb of eyes
  2883 | Abyss:2  | Noticed a raiju
  2891 | Abyss:2  | Noticed a flying skull
  2900 | Abyss:2  | Noticed a spatial vortex
  2900 | Abyss:2  | Noticed a spatial vortex
  2903 | Abyss:2  | Noticed a spatial vortex
  2908 | Abyss:2  | Noticed a spatial vortex
  2910 | Abyss:2  | Noticed a spatial vortex
  2921 | Abyss:2  | Slain by a hellwing

Levels and vault maps discovered:
D:1:      minmay_arrival_solitary_statue, layout_basic
D:2:      layout_basic
D:3:      layout_basic, uniq_crazy_yiuf_cottage
Abyss:2:  hangedman_cross_veins, hangedman_abyss_monster_moat

Skill      XL: |  1  2  3  4  5 |
---------------+----------------+-----
Shields        | 4 5 |  5.0
Fighting       | 4 |  4.4
Maces & Flails | 3 |  3.3
Armour         | |  3.2

Action                   |  1- 3 |  4- 6 || total
-------------------------+-------+-------++-------
Melee: Flail             |   142 |   158 ||   300
 Abil: Dig               |     1 |     2 ||     3
  Use: Potion            |       |     7 ||     7
  Eat: Chunk             |     1 |     4 ||     5
       Ration            |       |     1 ||     1
Armor: Scale mail        |    88 |    66 ||   154
       Skin              |       |    34 ||    34
Dodge: Dodged            |    52 |    50 ||   102
Block: Shield            |    88 |   101 ||   189
